 Dungeon Crawl Stone Soup version 0.29.1-1-gd02db6906a (webtiles) character file.

Game seed: 7966384170902548897

55 Linkola the Shield-Bearer (level 3, 0/33 HPs)
             Began as a Minotaur Fighter on Sept 25, 2022.
             Slain by a gnoll
             ... wielding a +0 spear
              (3 damage)
             ... on level 2 of the Dungeon.
             The game lasted 00:02:37 (847 turns).

Linkola the Shield-Bearer (Minotaur Fighter)         Turns: 847, Time: 00:02:37

Health: 0/33       AC:  8    Str: 22    XL:     3   Next: 67%
Magic:  2/2        EV:  9    Int:  5    God:
Gold:   61         SH:  4    Dex:  9    Spells: 2/2 levels left

rFire   . . .      SeeInvis .   a - +0 trident
rCold   . . .      Faith    .   c - +0 buckler
rNeg    . . .      Spirit   .   b - +0 scale mail
rPois   .          Reflect  .   (helmet restricted)
rElec   .          Harm     .   (no cloak)
rCorr   .          Rampage  .   k - +0 pair of gloves
Will    .....                   (no boots)
Stlth   ..........              (no amulet)
HPRegen 0.11/turn               (no ring)
MPRegen 0.08/turn               (no ring)

@: no status effects
A: horns 2, retaliatory headbutt
a: no special abilities


You were on level 2 of the Dungeon.
You visited 1 branch of the dungeon, and saw 2 of its levels.

You collected 61 gold pieces.

Inventory:

Hand Weapons
 a - a +0 trident (weapon)
Armour
 b - a +0 scale mail (worn)
 c - a +0 buckler (worn)
 k - a +0 pair of gloves (worn)
Scrolls
 f - a scroll of magic mapping {unknown}
 g - a scroll of identify {unknown}
 l - a scroll of vulnerability {unknown}
 m - a scroll of amnesia {unknown}
 n - a scroll of silence {unknown}
 o - a scroll of teleportation {unknown}
Potions
 d - a potion of might
 e - a potion of degeneration {unknown}
 h - a potion of cancellation {unknown}
 i - a potion of magic {unknown}
 j - 2 potions of curing {unknown}
 p - a potion of flight {unknown}


   Skills:
 + Level 4.0 Fighting
 + Level 3.0 Polearms
 * Level 0.6 Throwing
 + Level 4.1 Armour
 * Level 1.3 Dodging
 + Level 4.1 Shields


You had 2 spell levels left.
You didn't know any spells.
Your spell library contained the following spells:

 Spells                   Type           Power      Damage    Failure   Level
 Slow                     Hex            0%         N/A       87%         1
 Confusing Touch          Hex            0%         N/A       99%         3
 Vampiric Draining        Necr           0%         2d6       99%         3


Dungeon Overview and Level Annotations

Branches:
Dungeon (2/15)

Altars:

Shops:
D:2 (*

Annotations:
D:2 Natasha


Innate Abilities, Weirdness & Mutations

You have a pair of horns on your head.
You reflexively headbutt those who attack you in melee.


Message History

The gnoll hits you but does no damage. You block the gnoll's attack.
You closely miss the gnoll.
The gnoll is lightly wounded.
The gnoll hits you from afar with a +0 spear.
The gnoll hits you but does no damage.
The crimson imp attacks as you move away!
You block the crimson imp's attack.
You barely miss the gnoll.
The gnoll is lightly wounded.
The gnoll hits you but does no damage.
The crimson imp blinks!
The gnoll hits you but does no damage. The gnoll barely misses you.
You closely miss the gnoll. You headbutt the gnoll!
The gnoll is almost dead.
Natasha casts a spell.
The gnoll closely misses you. The gnoll barely misses you.
The crimson imp blinks!
You hit the gnoll.
You kill the gnoll!
The gnoll hits you but does no damage. Natasha casts a spell at you.
The magic dart hits you.
* * * LOW HITPOINT WARNING * * *
Your Polearms skill increases to level 3!
Reach: a) +0 trident
Press: ? - help, Dir - move target, f/p - gnoll
Aim: a gnoll, wielding a +0 spear (almost dead, about 40% to evade your +0 trident)
You reach to attack!
You closely miss the gnoll.
The gnoll is almost dead.
The gnoll hits you from afar with a +0 spear.
* * * LOW HITPOINT WARNING * * *
You hit Natasha.
Natasha is moderately wounded.
Natasha barely misses you.
The gnoll barely misses you. x2; Natasha claws you.
* * * LOW HITPOINT WARNING * * *
You closely miss Natasha.
Natasha is moderately wounded.
The crimson imp disappears in a puff of smoke!
You block the gnoll's attack.
The gnoll hits you from afar with a +0 spear.
You die...

# ..> #.§# #####
##....############...#
.....5gh@..)....##...#
##.##.g########.##...###
#.!#∩+...†..........
##.########.##...####
########..∩.........
...........<.....
.................
..........#......
......###.#......


You could see Natasha, 2 gnolls and a shadow imp (summoned).

Vanquished Creatures
  A gnoll (D:2)
  An adder (D:2)
  A worm (D:2)
  A dart slug (D:1)
  4 ball pythons
  3 endoplasms (D:1)
  3 giant cockroaches (D:1)
  2 goblins
  3 hobgoblins (D:1)
  A quokka (D:1)
  6 bats
  3 frilled lizards (D:1)
  A rat (D:1)
30 creatures vanquished.

Notes
Turn   | Place    | Note
-------+----------+-------------------------------------------
     0 | D:1      | Linkola the Minotaur Fighter began the quest for the Orb.
     0 | D:1      | Reached XP level 1. HP: 19/19 MP: 0/0
   139 | D:1      | Reached XP level 2. HP: 22/27 MP: 1/1
   614 | D:1      | Reached skill level 1 in Dodging
   638 | D:1      | Reached XP level 3. HP: 33/33 MP: 2/2
   777 | D:2      | Found a faded altar of an unknown god.
   787 | D:2      | Found Yntun's Assorted Antiques.
   834 | D:2      | Noticed Natasha
   837 | D:2      | Found Imaexiuf's Weapon Shop.
   847 | D:2      | Slain by a gnoll

Illustrated notes

Levels and vault maps discovered:
D:1:      amcnicky_arrival_underground_garden, layout_loops_ring
D:2:      layout_basic, hellmonk_ecumenical_altar_heavens_door, serial_shops,
          nicolae_shop_window_shopping, shop, shop, nicolae_square_shop,
          moated_statue, uniq_natasha

Skill      XL: |  1  2  3 |
---------------+----------+-----
Shields        | 4 |  4.1
Armour         | 4 |  4.1
Dodging        | 1 |  1.3
Fighting       | 4 |  4.0
Polearms       | 3 |  3.0
Throwing       | |  0.6

Action                   || total
-------------------------++-------
Melee: Trident           ||    84
       Headbutt          ||     6
Throw: Stone             ||     7
Armor: Scale mail        ||    32
Dodge: Dodged            ||    28
Block: Buckler           ||    23
